 Dungeon Crawl Stone Soup version 0.28-a0-804-g60983d4ba9 (webtiles) character file.

Game seed: 6327611586169892711

3 vurker the Gusty (level 1, 0/10 HPs)
             Began as a Tengu Air Elementalist on Nov 7, 2021.
             Killed from afar by a dart slug (6 damage)
             ... with a slug dart
             ... on level 1 of the Dungeon.
             The game lasted 00:00:12 (115 turns).

vurker the Gusty (Tengu Air Elementalist)            Turns: 115, Time: 00:00:12

Health: 0/10       AC:  2    Str:  8    XL:     1   Next: 50%
Magic:  0/4        EV: 12    Int: 15    God:
Gold:   0          SH:  0    Dex: 14    Spells: 3/4 levels left

rFire   . . .      SeeInvis .   (no weapon)
rCold   . . .      Faith    .   (no shield)
rNeg    . . .      Spirit   .   a - +0 robe
rPois   .          Reflect  .   (helmet restricted)
rElec   .          Harm     .   (no cloak)
rCorr   .          Rampage  .   (no gloves)
Will    .....                   (boots unavailable)
Stlth   ++........              (no amulet)
HPRegen 0.03/turn               (no ring)
MPRegen 0.09/turn               (no ring)

@: very slightly contaminated
A: beak, talons 3
a: no special abilities


You were on level 1 of the Dungeon.
You visited 1 branch of the dungeon, and saw 1 of its levels.

Inventory:

Armour
 a - a +0 robe (worn)
Scrolls
 b - a scroll of fear {unknown}
 c - a scroll of identify {unknown}


   Skills:
 + Level 0.1 Fighting
 - Level 2.1 Dodging
 - Level 2.0 Stealth
 * Level 2.1 Spellcasting
 + Level 1.5 Conjurations
 * Level 4.1 Air Magic


You had 3 spell levels left.
You knew the following spells:

 Your Spells              Type           Power      Damage    Failure   Level
a - Shock                 Conj/Air       40%        1d5       7%          1

Your spell library contained the following spells:

 Spells                   Type           Power      Damage    Failure   Level
 Static Discharge         Conj/Air       10%        N/A       11%         2
 Swiftness                Air            13%        N/A       12%         3
 Airstrike                Air            6%         N/A       38%         4


Dungeon Overview and Level Annotations

Branches:
Dungeon (1/15)

Altars:


Innate Abilities, Weirdness & Mutations

You have a beak for a mouth.
You have claws for feet.


Message History

Welcome, vurker the Tengu Air Elementalist.
The heart of this dungeon contains the wondrous artefact, the Orb of Zot.
Found 25 stones.
Found a staircase leading out of the dungeon.
Found a scroll labelled XUPSUAZ ZASUFE.
b - a scroll labelled XUPSUAZ ZASUFE
Found a dagger.
Found a stone staircase leading down.
An endoplasm comes into view.
Found a scroll labelled PIWYRCH WUABLAE.
An endoplasm is nearby!
Aim: an endoplasm (asleep, 100% to hit)
The zap hits the endoplasm.
The endoplasm quivers.
Aim: an endoplasm (severely wounded, 97% to hit)
The zap hits the endoplasm.
You kill the endoplasm!
You can't see any susceptible monsters within range! (Use Z to cast anyway.)
c - a scroll labelled PIWYRCH WUABLAE An endoplasm comes into view.
An endoplasm is nearby!
An endoplasm is nearby!
Aim: an endoplasm (asleep, 100% to hit)
The zap hits the endoplasm.
You kill the endoplasm!
You can't see any susceptible monsters within range! (Use Z to cast anyway.)
You can't see any susceptible monsters within range! (Use Z to cast anyway.)
A ball python comes into view.
The ball python hisses angrily.
A dart slug comes into view.
There are monsters nearby!
Aim: a ball python (64% to hit)
The zap hits the ball python.
You kill the ball python!
Aim: a dart slug (100% to hit)
The zap hits the dart slug.
Aim: a dart slug (moderately wounded, 100% to hit)
You miscast Shock.
You are very lightly contaminated with residual magic.
Nothing appears to happen.
A dart slug is nearby!
Aim: a dart slug (moderately wounded, 100% to hit)
The zap hits the dart slug.
The dart slug launches a dart at you. The slug dart hits you.
You don't have enough magic to cast this spell.
The dart slug launches a dart at you. The slug dart hits you.
Ouch! That really hurt!
You die...

... ... .w..
###### ...†.
#....######.....
##.#.#..........
#.#.#..........
#.#..@..........
#.########......
#.# ...#
#.######## ..##
.# #........#
>.. ..#
########.#
#.###...#
#.#####...#...#
#.............#
#######.#.#..#


You could see a dart slug.

Vanquished Creatures
  2 endoplasms (D:1)
  A ball python (D:1)
3 creatures vanquished.

Notes
Turn   | Place    | Note
-------+----------+-------------------------------------------
     0 | D:1      | vurker the Tengu Air Elementalist began the quest for the
                  | Orb.
     0 | D:1      | Reached XP level 1. HP: 10/10 MP: 4/4
   115 | D:1      | Killed from afar by a dart slug

Illustrated notes

Levels and vault maps discovered:
D:1:      dpeg_arrival_boxes_within_box, layout_basic,
          wander_ebering_terrifying_dragon_lair

Action                   || total
-------------------------++-------
 Cast: Shock             ||     6

Table legend: (Time is in decaauts)
 A = Elapsed time spent in this place.
 B = Non-inter-level travel time spent in this place.
 C = Inter-level travel time spent in this place.
 D = Time resting spent in this place.
 E = Time spent auto-exploring this place.
 F = Levels seen in this place.
 G = Mean time per level.
                   A        B        C        D        E       F      G
               +--------+--------+--------+--------+--------+-----+--------+
         Total |    115 |    115 |      0 |      0 |     99 |   1 |  115.0 |
       Dungeon |    115 |    115 |      0 |      0 |     99 |   1 |  115.0 |
               +--------+--------+--------+--------+--------+-----+--------+

Top non-repeatable levels by time:
     D:1: 115 daAuts
